 Dungeon Crawl Stone Soup version 0.22-a0-373-gab1296c (webtiles) character file.

112 iamserjio the Bolt Thrower (level 5, -2/30 HPs)
             Began as a Kobold Hunter on Apr 25, 2018.
             Killed from afar by Sigmund (6 damage)
             ... with a magic dart
             ... on level 3 of the Dungeon.
             The game lasted 00:07:49 (1862 turns).

iamserjio the Bolt Thrower (Kobold Hunter)          Turns: 1862, Time: 00:07:50

Health: -2/30      AC:  4    Str: 11    XL:     5   Next: 16%
Magic:  5/5        EV: 16    Int: 12    God:
Gold:   148        SH:  0    Dex: 15    Spells: 4/4 levels left

rFire    . . .     SeeInvis .   p - +0 falchion
rCold    . . .     Gourm    .   (shield restricted)
rNeg     . . .     Faith    .   c - +0 leather armour
rPois    .         Spirit   .   (no helmet)
rElec    .         Reflect  .   (no cloak)
rCorr    .         Harm     .   q - +0 pair of gloves
MR       .....                  (no boots)
Stlth    ++........             (no amulet)
HPRegen  0.10/turn              (no ring)
MPRegen  0.09/turn              (no ring)

@: berserk cooldown, slowed, very slow
A: small, carnivore
a: no special abilities


You were on level 3 of the Dungeon.
You were very full.

You visited 1 branch of the dungeon, and saw 4 of its levels.

You collected 148 gold pieces.

Inventory:

Hand Weapons
 a - a +1 hand crossbow
 b - a +0 short sword
 i - a +3 dagger
 n - a cursed -1 whip
 p - a +0 falchion (weapon)
Missiles
 d - 3 bolts
Armour
 c - a +0 leather armour (worn)
 j - a +0 scale mail
 q - a +0 pair of gloves (worn)
Scrolls
 e - 2 scrolls of teleportation
 h - 3 scrolls of remove curse {unknown}
 k - a scroll of magic mapping {unknown}
 l - a scroll of amnesia {unknown}
 o - a scroll of identify
 s - a scroll of immolation {unknown}
Potions
 g - a potion of haste
 m - a potion of flight
 r - a potion of berserk rage
Comestibles
 f - 8 rations


   Skills:
 - Level 2.1 Fighting
 * Level 6.6 Crossbows
 + Level 3.9 Dodging
 - Level 1.3 Stealth


You had 4 spell levels left.
You didn't know any spells.

Dungeon Overview and Level Annotations

Branches:
Dungeon (4/15)
 Temple: D:4-7

Altars:
Trog

Shops:
D:4 *

Annotations:
D:3 Sigmund; Totori's ghost, amateur MiWn


Innate Abilities, Weirdness & Mutations

You are small and have problems with some larger weapons.
You are carnivorous and can eat meat at any time.


Message History

Wield which item (- for none, * to show all)? (? for menu, Esc to quit)
p - a +0 falchion (weapon)
You feel your anger nearly subside.
You are no longer berserk.
You are exhausted.
You feel yourself slow down.
You feel less confused.
You hear some strange, mumbled words.
A puff of flame appears from out of thin air!
The puff of flame misses you. Something hits you!
* * * LOW HITPOINT WARNING * * *
Sigmund appears from thin air!
Reactivating autopickup.
Sigmund casts a spell.
Sigmund flickers and vanishes!
Deactivating autopickup; reactivate with Ctrl-A.
A magic dart appears from out of thin air!
The magic dart hits you!
You die...

#........(...##.#...#
#.........(..##((....
##.#.#.##.###([#.......
#.##.#..#.# #.((....#
#....#..#.###.>#...##
#..###..#......##.##
##.###.##.....###..##
#.....##.##.(# #...# ##
#.###@##.##.@###..#.# .#
#.# #..............## .##
#######.########..#####..#
.##.##.................#
#..#
.##..>.#.###.#########.#
#..# .#####...# #.# ##)##
#..# ..########
#.########...## #..#
.......
#.............###..# ..###
#########..)(.()...#


There were no monsters in sight!

Vanquished Creatures
  5 adders
  A worm (D:4)
  5 dart slugs
  2 leopard geckos
  2 orcs
  A ball python (D:2)
  3 bats
  3 giant cockroaches
  9 goblins
  8 hobgoblins
  3 jackals (D:1)
  A frilled lizard (D:3)
  2 kobolds
  3 rats
48 creatures vanquished.

Notes
Turn   | Place    | Note
-------+----------+-------------------------------------------
     0 | D:1      | iamserjio the Kobold Hunter began the quest for the Orb.
     0 | D:1      | Reached XP level 1. HP: 12/12 MP: 1/1
    49 | D:1      | Reached skill level 5 in Crossbows
    62 | D:1      | Reached XP level 2. HP: 16/17 MP: 2/2
   206 | D:1      | Reached XP level 3. HP: 20/21 MP: 3/3
   541 | D:2      | Found a bloodstained altar of Trog.
   578 | D:2      | Reached XP level 4. HP: 26/26 MP: 4/4
   586 | D:2      | Reached skill level 6 in Crossbows
   858 | D:3      | Noticed Sigmund
   952 | D:3      | Noticed Totori's ghost (amateur MiWn)
  1221 | D:4      | Reached XP level 5. HP: 9/30 MP: 5/5
  1774 | D:4      | Found Nucezav's Assorted Antiques.
  1862 | D:3      | Killed from afar by Sigmund

Vault maps used:
D:1:      dpeg_arrival_rhombus
D:2:      first_ration, bloody_trog
D:3:      uniq_sigmund, uniq_crazy_yiuf_cottage
D:4:      serial_shops, nicolae_shop_overgrown_old_shop, st_stairs_9

Skill      XL: |  1  2  3  4 |
---------------+-------------+-----
Crossbows      | 5 6 |  6.6
Dodging        | 3 |  3.9
Fighting       | |  2.1
Stealth        | |  1.3

Action                   |  1- 3 |  4- 6 || total
-------------------------+-------+-------++-------
Melee: Short sword       |       |    43 ||    43
       Falchion          |       |     6 ||     6
 Fire: Hand crossbow     |    59 |    47 ||   106
  Use: Scroll            |       |     3 ||     3
       Potion            |       |     1 ||     1
  Eat: Chunk             |     1 |     9 ||    10
Armor: Leather armour    |     1 |    15 ||    16
Dodge: Dodged            |     9 |    54 ||    63

Table legend:
 A = Spawn XP
 B = Non-spawn XP
 C = Spawn XP percentage of total XP
 D = Spawn monster count
 E = Non-spawn monster count
 F = Spawn count percentage of total count
 G = Total turns spent on level
                    A         B        C        D         E        F      G
               +---------+---------+-------+---------+---------+-------+---------
         Total |       0 |     160 |   0.0 |       0 |      48 |   0.0 |  1862
               +---------+---------+-------+---------+---------+-------+---------
           D:1 |       0 |      48 |   0.0 |       0 |      23 |   0.0 |   523
           D:2 |       0 |      40 |   0.0 |       0 |       9 |   0.0 |   375
           D:3 |       0 |      47 |   0.0 |       0 |      12 |   0.0 |   389
           D:4 |       0 |      25 |   0.0 |       0 |       4 |   0.0 |   575
               +---------+---------+-------+---------+---------+-------+---------
